 Dungeon Crawl Stone Soup version 0.27-a0-333-gfa571bf19a (webtiles) character file.

Game seed: 17828523048899307496

5481 Chiseanne the Fighter (level 10, -4/120 (129) HPs)
             Began as a Demonspawn Wanderer on Feb 12, 2021.
             Was an Initiate of Gozag.
             Killed from afar by Josephine (37 damage)
             ... with a ghostly fireball
             ... on level 10 of the Dungeon.
             The game lasted 00:41:04 (7463 turns).

Chiseanne the Fighter (Demonspawn Wanderer)         Turns: 7463, Time: 00:41:04

HP:   -4/120 (129)  AC: 21    Str: 16    XL:     10   Next: 42%
MP:   10/10         EV:  9    Int: 14    God:    Gozag
Gold: 313           SH:  9    Dex: 12    Spells: 9/9 levels left

rFire    . . .     SeeInvis .   a - +3 scimitar (flame)
rCold    + . .     Faith    .   p - +0 kite shield
rNeg     . . .     Spirit   .   g - +0 scale mail {rC+}
rPois    .         Reflect  .   e - +1 helmet
rElec    .         Harm     .   (no cloak)
rCorr    +         Rampage  .   v - +0 pair of gloves
Will     .....                  m - +0 pair of boots
Stlth    ..........             f - amulet of regeneration
HPRegen  0.70/turn              o - ring of resist corrosion
MPRegen  0.24/turn              (no ring)

@: berserking, sanguine armour, slowed, studying Hexes, drained
A: hooves 1, magic regeneration, sanguine armour 2
a: Renounce Religion, Potion Petition, Call Merchant, Bribe Branch


You were on level 10 of the Dungeon.
You worshipped Gozag.
Gozag was aware of your devotion.
You visited 2 branches of the dungeon, and saw 10 of its levels.

You collected 1038 gold pieces.
You spent 600 gold pieces at shops.
You paid 125 gold pieces to Gozag.

Inventory:

Hand Weapons
 a - a +3 scimitar of flaming (weapon)
 b - a +0 long sword of flaming
 s - a +2 dagger of speed
 w - a +0 hunting sling
 B - a +0 broad axe
 E - a +1 whip of venom
 F - a +0 war axe of freezing
Missiles
 d - 73 bolts
 l - 37 sling bullets
 n - 5 javelins (quivered)
 H - 7 boomerangs
 I - 11 poisoned darts
Armour
 e - a +1 helmet (worn)
 g - a +0 scale mail of cold resistance (worn)
 m - a +0 pair of boots (worn)
 p - a +0 kite shield (worn)
 v - a +0 pair of gloves (worn)
Jewellery
 f - an amulet of regeneration (around neck)
 o - a ring of resist corrosion (left hand)
 G - a +6 ring of intelligence
Wands
 x - a wand of acid (1)
 y - a wand of flame (17)
 C - a wand of paralysis (2)
 D - a wand of polymorph (5)
Scrolls
 c - 5 scrolls of teleportation
 r - 2 scrolls of fear
Potions
 h - a potion of lignification
 k - 2 potions of mutation
 q - a potion of flight
 t - 4 potions of curing
 u - a potion of berserk rage
 z - 2 potions of ambrosia
 A - a potion of brilliance


   Skills:
 - Level 10.6 Fighting
 - Level 1.7 Maces & Flails
 - Level 7.3 Armour
 - Level 5.3 Dodging
 - Level 1.7 Stealth
 - Level 3.8 Shields
 + Level 7.7 Hexes


You had 9 spell levels left.
You didn't know any spells.
Your spell library contained the following spells:

 Spells                   Type           Power        Failure   Level
 Corona                   Hex            23%          16%         1
 Ensorcelled Hibernation  Hex/Ice        20%          75%         2
 Cause Fear               Hex            10%          83%         4
 Summon Guardian Golem    Hex/Summ       10%          93%         3
 Beastly Appendage        Tmut           0%           98%         1
 Summon Small Mammal      Summ           0%           98%         1
 Call Imp                 Summ           0%           99%         2
 Poisonous Vapours        Pois/Air       0%           99%         2
 Wereblood                Tmut           0%           99%         2
 Call Canine Familiar     Summ           0%           100%        3
 Conjure Flame            Conj/Fire      0%           100%        3
 Mephitic Cloud           Conj/Pois/Air  0%           100%        3
 Spider Form              Tmut/Pois      0%           100%        3
 Ice Form                 Ice/Tmut       0%           100%        4
 Summon Ice Beast         Ice/Summ       0%           100%        4
 Summon Lightning Spire   Summ/Air       0%           100%        4
 Blade Hands              Tmut           0%           100%        5
 Freezing Cloud           Conj/Ice/Air   0%           100%        6
 Invisibility             Hex            21%          100%        6


Dungeon Overview and Level Annotations

Branches:
Dungeon (8/15)             Temple (1/1) D:7
   Lair: D:8-11

Altars:
Cheibriados
Dithmenos
Elyvilon
Fedhas
Gozag
Hepliaklqana
Kikubaaqudgha
Makhleb
Ru
Trog
Xom
Yredelemnul
The Shining One

Shops:
D:4 ?   D:6 (

Annotations:
D:5 1 runed translucent door, nojaa's ghost, amateur OpTm
D:10 Josephine


Innate Abilities, Weirdness & Mutations

You have large cloven feet.
You regenerate magic rapidly.
When seriously injured, your bleeding wounds create thick armour. (AC +9)


Message History

Your blood congeals into armour.
The wraith drains your vigour!
You feel yourself slow down.
Your scale mail prevents you from hitting Josephine.
Josephine is almost dead.
Josephine hits you but does no damage. The wraith closely misses you.
You riposte.
You hit the wraith but do no damage.
Josephine is infused with unholy energy.
Josephine draws life force from you and is healed!
The wraith hits you but does no damage.
Aiming: Corrosive Bolt
Press: ? - help, Shift-Dir - straight line, f/p - Josephine
Aim: Josephine, wielding a +0 dagger and wearing a +0 robe (severely wounded, covered in acid, 29% to evade)
The bolt of acid hits Josephine!
Josephine is splashed with acid.
Josephine seems to be corroded for longer.
Josephine is almost dead.
You block Josephine's attack. The wraith hits you but does no damage.
Josephine says, "How about some decapitation?"
Josephine is infused with unholy energy.
Josephine draws life force from you and is healed!
The wraith hits you!
* * * LOW HITPOINT WARNING * * *
Aiming: Corrosive Bolt
Press: ? - help, Shift-Dir - straight line, f/p - Josephine
Aim: Josephine, wielding a +0 dagger and wearing a +0 robe (severely wounded, covered in acid, 29% to evade)
The bolt of acid misses Josephine.
Josephine hits you but does no damage. You block the wraith's attack.
A red film seems to cover your vision as you go berserk!
You feel yourself moving faster!
You feel mighty! You block Josephine's attack. The wraith hits you.
* * * LOW HITPOINT WARNING * * *
The wraith drains your vigour!
You feel as though you will be slow longer.
Josephine hits you but does no damage. The wraith hits you but does no damage.
You slash Josephine! You burn Josephine.
Josephine is almost dead.
Josephine casts a spell at you.
The ghostly flame explodes!
The ghostly fireball engulfs you!!!
You feel drained.
You die...
Your body crumbles into a pile of gold.

######################## ####
...............>........ ...
................W@...... ..#
................@# #.#
.................# #.#
.................##########.#####
.................................
.................................
.#####.###.......................
.# ##.###..#############.#######
.####............................
.................................


You could see Josephine (corroded) and a wraith.

Vanquished Creatures
  Pikel (D:6)
  Maggie (D:7)
  An efreet (D:7)
  2 wraiths (D:10)
  2 water moccasins
  Duvessa (D:7)
  4 orc warriors
  An ice beast (D:7)
  2 ogres (D:4)
  4 sky beasts
  A necrophage (D:7)
  2 centaurs (D:10)
  2 phantoms
  7 bullfrogs
  Dowan (D:7)
  2 scorpions
  5 wights (D:10)
  A howler monkey (D:5)
  3 centaur zombies
  A jelly (D:5)
  6 hounds
  6 orc priests
  4 iguanas
  11 orc wizards
  4 worker ants
  2 hound skeletons
  A worker ant zombie (D:7)
  2 howler monkey skeletons
  11 adders
  6 gnolls
  A shadow imp (D:7)
  3 white imps
  2 ufetubi
  An ooze (D:6)
  2 adder skeletons
  3 worms
  4 dart slugs
  6 leopard geckos
  69 orcs
  6 giant cockroaches
  4 goblins
  4 hobgoblins
  3 kobolds
  4 quokkas
  2 ball pythons
  A ball python skeleton (D:2)
  6 bats
  A jackal skeleton (D:7)
  2 leopard gecko zombies
  A quokka zombie (D:5)
  2 rats (D:3)
224 creatures vanquished.

Vanquished Creatures (others)
  A human (D:5)
  4 withered plants (D:2)
5 creatures vanquished.

Grand Total: 229 creatures vanquished

Notes
Turn   | Place    | Note
-------+----------+-------------------------------------------
     0 | D:1      | Chiseanne the Demonspawn Wanderer began the quest for the
                  | Orb.
     0 | D:1      | Chiseanne set off with the following items: a +2 mace, a +0
                  | ring mail, a scroll of teleportation, a +0 dagger
     0 | D:1      | Reached XP level 1. HP: 19/19 MP: 1/1
   269 | D:1      | Gained mutation: When seriously injured, your bleeding
                  | wounds create armour. (AC +9) [demonic ancestry]
   269 | D:1      | Reached XP level 2. HP: 25/25 MP: 2/2
   589 | D:2      | Reached XP level 3. HP: 13/31 MP: 3/3
   913 | D:2      | Found a blossoming altar of Fedhas.
  1236 | D:2      | Reached skill level 5 in Fighting
  1236 | D:2      | Reached XP level 4. HP: 9/39 MP: 4/4
  1856 | D:3      | Gained mutation: You have large cloven feet. [demonic
                  | ancestry]
  1856 | D:3      | Reached XP level 5. HP: 27/44 MP: 5/5
  2021 | D:3      | Found a snail-covered altar of Cheibriados.
  2100 | D:4      | Noticed a phantom
  2122 | D:4      | Killed a phantom
  2173 | D:4      | Found a bloodstained altar of Trog.
  2230 | D:4      | Reached XP level 6. HP: 51/52 MP: 6/6
  2344 | D:4      | Reached skill level 6 in Fighting
  2537 | D:4      | Found Tuner's Magic Scroll Emporium.
  2545 | D:4      | Bought a scroll of identify for 20 gold pieces
  2545 | D:4      | Bought a scroll of identify for 20 gold pieces
  2545 | D:4      | Bought a scroll of identify for 20 gold pieces
  2734 | D:4      | Reached skill level 5 in Armour
  2785 | D:4      | Gained mutation: You regenerate magic rapidly. [demonic
                  | ancestry]
  2785 | D:4      | Reached XP level 7. HP: 59/59 MP: 7/7
  3431 | D:4      | Bought a scroll of identify for 20 gold pieces
  3448 | D:5      | Entered Level 5 of the Dungeon
  3463 | D:5      | Reached skill level 7 in Fighting
  3581 | D:5      | Found an ancient bone altar of Kikubaaqudgha.
  3581 | D:5      | Noticed a human
  3584 | D:5      | Killed a human
  3667 | D:6      | Noticed Pikel
  3695 | D:6      | Killed Pikel
  3696 | D:6      | Reached skill level 8 in Fighting
  3696 | D:6      | Reached XP level 8. HP: 68/68 MP: 8/8
  4180 | D:5      | Found a burning altar of Makhleb.
  4180 | D:5      | Found a glowing golden altar of the Shining One.
  4295 | D:5      | Found a runed translucent door.
  4300 | D:5      | Noticed nojaa's ghost (amateur OpTm)
  4411 | D:6      | Identified Hoapeek's Guide on Fetching Snow
  4439 | D:6      | Found a shimmering altar of Xom.
  4441 | D:6      | Found a sacrificial altar of Ru.
  4589 | D:6      | Found a white marble altar of Elyvilon.
  4700 | D:6      | Reached skill level 1 in Dodging
  4747 | D:6      | Found a snail-covered altar of Cheibriados.
  4869 | D:6      | Reached skill level 9 in Fighting
  5103 | D:6      | Found Zavich's Weapon Boutique.
  5148 | D:6      | Gained mutation: When seriously injured, your bleeding
                  | wounds create thick armour. (AC +9) [demonic ancestry]
  5148 | D:6      | Reached XP level 9. HP: 64/76 MP: 9/9
  5389 | D:7      | Noticed Dowan
  5390 | D:7      | Noticed Duvessa
  5405 | D:7      | Killed Duvessa
  5413 | D:7      | Killed Dowan
  5510 | D:7      | Found a staircase to the Ecumenical Temple.
  5514 | Temple   | Entered the Ecumenical Temple
  5539 | Temple   | Became a worshipper of Gozag Ym Sagoz the Greedy
  5718 | D:8      | Reached skill level 1 in Shields
  6010 | D:7      | Noticed Maggie
  6021 | D:7      | Killed Maggie
  6022 | D:7      | Reached skill level 10 in Fighting
  6459 | D:7      | Noticed an efreet
  6483 | D:7      | Reached skill level 5 in Dodging
  6535 | D:7      | Killed an efreet
  6536 | D:7      | Reached XP level 10. HP: 86/86 MP: 10/10
  6570 | D:7      | Chiseanne: hi
  6810 | D:4      | Bought a scroll of acquirement for 520 gold pieces
  6810 | D:4      | Acquired a manual of Hexes
  6927 | D:8      | Found a white marble altar of Elyvilon.
  6928 | D:8      | You fall into a shaft and drop 2 floors!
  6928 | D:10     | Entered Level 10 of the Dungeon
  7165 | D:10     | Found a shadowy altar of Dithmenos.
  7192 | D:10     | Reached skill level 5 in Hexes
  7451 | D:10     | Noticed Josephine
  7463 | D:10     | Killed from afar by Josephine

Illustrated notes

Levels and vault maps discovered:
D:1:      eino_arrival_druids_welcome, layout_loops_ring
D:2:      layout_loops_ring, overflow_temple_1_default, serial_undead,
          serial_undead_f, serial_undead_b, serial_undead_b, serial_undead_a,
          minmay_misc_feat_ornament
D:3:      minmay_inner_zag, layout_rooms, cheibriados_altar_2, uniq_terence
D:4:      layout_basic, nicolae_overflow_crystal_walls, serial_shops, shop
D:5:      layout_rooms, gammafunk_temple_overflow_elements,
          ebering_ghost_reflecting_pool, hangedman_glass_teeth, minivault_25,
          tgw_kikubaaqudgha
D:6:      layout_loops_corners, chequers_temple_overflow_statue_of_worship,
          serial_shops, shop, basic_altar, elyvilon_altar_1, uniq_pikel
D:7:      minmay_slanted_spiral_squares, layout_basic, temple_hall_moat,
          uniq_duvessa, uniq_maggie
D:8:      layout_loops_ring, overflow_temple_1_default, special_room
          [special_room_orc], uniq_grum, uniq_psyche
D:10:     layout_long_grid, basic_altar, amcnicky_mini_pool_small,
          uniq_josephine
Temple:   jpeg_temple_clearing

Skill      XL: |  1  2  3  4  5  6  7  8  9 10 |
---------------+-------------------------------+-----
Armour         | 2 3 4 5 6 7 |  7.3
Fighting       | 5 6 8 9 10 | 10.6
Dodging        | 2 5 |  5.3
Shields        | 3 |  3.8
Hexes          | 7 |  7.7
Maces & Flails | |  1.7
Stealth        | |  1.7

Action                   |  1- 3 |  4- 6 |  7- 9 | 10-12 || total
-------------------------+-------+-------+-------+-------++-------
Melee: Mace              |   106 |   215 |   515 |       ||   836
       Dagger            |       |       |    28 |    10 ||    38
       Scimitar          |       |       |       |   150 ||   150
 Fire: Hunting sling     |     2 |     5 |     3 |       ||    10
Throw: Stone             |     2 |       |       |       ||     2
       Javelin           |       |     2 |    17 |    13 ||    32
Evoke: Wand              |       |       |    24 |     9 ||    33
  Use: Scroll            |     1 |     6 |     8 |     1 ||    16
       Potion            |       |       |     1 |     1 ||     2
 Stab: Paralysed         |       |       |    22 |    10 ||    32
       Distracted        |       |       |     1 |     1 ||     2
Armor: Ring mail         |    64 |    68 |       |       ||   132
       Scale mail        |       |    31 |   291 |    80 ||   402
       Leather armour    |       |     7 |       |       ||     7
Dodge: Dodged            |    75 |   112 |   260 |    55 ||   502
Block: Kite shield       |       |       |    99 |    91 ||   190
       Rpst.: Scimitar   |       |       |       |    11 ||    11

Table legend: (Time is in decaauts)
 A = Elapsed time spent in this place.
 B = Non-inter-level travel time spent in this place.
 C = Inter-level travel time spent in this place.
 D = Time resting spent in this place.
 E = Time spent auto-exploring this place.
 F = Levels seen in this place.
 G = Mean time per level.
                   A        B        C        D        E       F      G
               +--------+--------+--------+--------+--------+-----+--------+
         Total |   7916 |   7473 |    443 |   1639 |     15 |  10 |  791.6 |
       Dungeon |   7874 |   7448 |    426 |   1639 |      0 |   9 |  874.9 |
        Temple |     42 |     25 |     17 |      0 |     15 |   1 |   42.0 |
               +--------+--------+--------+--------+--------+-----+--------+

Top non-repeatable levels by time:
     D:6: 1356 daAuts
     D:4: 1303 daAuts
     D:2: 982 daAuts
     D:7: 970 daAuts
     D:5: 775 daAuts
     D:3: 752 daAuts
    D:10: 615 daAuts
     D:8: 562 daAuts
     D:1: 556 daAuts
  Temple: 42 daAuts
